 Dungeon Crawl Stone Soup version 0.25.1-2-g60ff931df9 (webtiles) character file.

Game seed: 18154803864499363185

2611 DildoBatman the Conjurer (level 9, -4/66 HPs)
             Began as a Formicid Wizard on Aug 7, 2020.
             Was an Initiate of Kikubaaqudgha.
             Slain by a two-headed ogre
             ... wielding a +0 giant club
              (19 damage)
             ... on level 7 of the Dungeon.
             The game lasted 00:31:01 (9849 turns).

DildoBatman the Conjurer (Formicid Wizard)          Turns: 9849, Time: 00:31:02

Health: -4/66      AC: 10    Str:  8    XL:     9   Next: 90%
Magic:  5/13       EV: 13    Int: 25    God:    Kikubaaqudgha [......]
Gold:   412        SH:  0    Dex:  9    Spells: 7/14 levels left

rFire    . . .     SeeInvis +   a - +1 mace (protect)
rCold    . . .     Gourm    .   (no shield)
rNeg     + . .     Faith    .   g - +0 robe
rPois    .         Spirit   .   (helmet unavailable)
rElec    .         Reflect  .   o - scarf {repulsion}
rCorr    .         Harm     .   y - +0 pair of gloves of Dithrima {rN+ Str-3 Int+3 SInv}
MR       .....                  (no boots)
Stlth    ++........             (no amulet)
HPRegen  0.21/turn              (no ring)
MPRegen  0.13/turn              (no ring)

@: protection aura, repel missiles
A: permanent stasis, dig shafts and tunnels, four strong arms, antennae 3
a: Dig, Shaft Self, Renounce Religion


You were on level 7 of the Dungeon.
You worshipped Kikubaaqudgha.
Kikubaaqudgha was noncommittal.
You were hungry.

You visited 2 branches of the dungeon, and saw 9 of its levels.

You collected 464 gold pieces.
You spent 52 gold pieces at shops.

Inventory:

Hand Weapons
 a - a +1 mace of protection (weapon)
 b - a +0 hunting sling
 C - a +1 short sword of holy wrath
 D - a +0 halberd
Missiles
 d - 232 stones (quivered)
 e - 128 arrows
 l - 4 boomerangs
 t - 53 sling bullets
 x - 29 bolts
Armour
 g - a +0 robe (worn)
 h - a +0 pair of gloves
 o - a scarf of repulsion (worn)
 y - the +0 pair of gloves of Dithrima (worn) {rN+ Str-3 Int+3 SInv}
   (You found it on level 4 of the Dungeon)

   It affects your strength (-3).
   It affects your intelligence (+3).
   It protects you from negative energy.
   It lets you see invisible.
Wands
 B - a wand of paralysis (3)
 G - a wand of acid (4)
Scrolls
 f - a scroll of fear {unknown}
 i - a scroll of enchant weapon
 n - 3 scrolls of fog
 r - 4 scrolls of identify
 A - 2 scrolls of remove curse
 E - 2 scrolls of amnesia {unknown}
 F - a scroll of blinking {unknown}
 I - a scroll of immolation {unknown}
Potions
 c - a potion of berserk rage {unknown}
 j - a potion of haste {unknown}
 k - a potion of might {unknown}
 m - a potion of flight
 p - a potion of curing
 q - 3 potions of lignification {unknown}
 s - a potion of mutation {unknown}
 u - a potion of resistance {unknown}
 w - a potion of stabbing {unknown}
 z - 2 potions of heal wounds
Comestibles
 v - 20 rations
 H - 2 chunks of flesh


   Skills:
 * Level 4.4 Fighting
 * Level 4.3 Armour
 * Level 4.2 Dodging
 - Level 2.4 Stealth
 - Level 3.2 Spellcasting
 - Level 6.0 Conjurations
   Level 1.0 Summonings
   Level 0.8 Translocations
 - Level 5.0 Fire Magic
 - Level 5.0 Air Magic


You had 7 spell levels left.
You knew the following spells:

 Your Spells              Type           Power        Failure   Level  Hunger
a - Conjure Flame         Conj/Fire      ####....     3%          3    ###....
c - Magic Dart            Conj           ####         1%          1    None
e - Mephitic Cloud        Conj/Pois/Air  ###.....     7%          3    ###....

Your spell library contained the following spells:

 Spells                   Type           Power        Failure   Level  Hunger
 Foxfire                  Conj/Fire      ####         1%          1    None
 Dazzling Flash           Conj/Hex       ###...       9%          3    ###....
 Corona                   Hex            #......      10%         1    None
 Call Imp                 Summ           #.......     10%         2    #......
 Inner Flame              Hex/Fire       ###.....     11%         3    ###....
 Sticky Flame             Conj/Fire      ####....     11%         4    ####...
 Ensorcelled Hibernation  Hex/Ice        #.....       16%         2    #......
 Slow                     Hex            #.......     16%         2    #......
 Fireball                 Conj/Fire      ####......   28%         5    ######.
 Confusing Touch          Hex            #.......     30%         3    ###....
 Tukima's Dance           Hex            #.......     30%         3    ###....
 Blink                    Tloc           Unusable     N/A         2    N/A

Dungeon Overview and Level Annotations

Branches:
Dungeon (8/15)             Temple (1/1) D:4
   Lair: D:8-11

Altars:
Ashenzari
Cheibriados
Dithmenos
Elyvilon
Fedhas
Gozag
Hepliaklqana
Kikubaaqudgha
Makhleb
Nemelex Xobeh
Okawaru
Qazlal
Ru
Sif Muna
Uskayaw
Vehumet
Xom
Yredelemnul
Zin
The Shining One

Shops:
D:6 ?

Annotations:
D:3 2 transporters, exclusion: iguana, Ebobla's ghost, amateur DsBe
D:4 2 exclusions, Blork the orc; Eustachio
D:5 1 runed translucent door, exclusions: crimson imp and phantom, Crazy Yiuf
D:6 exclusions: dancing weapon and 1 more exclusion
D:7 1 exclusion
D:8 exclusions: sensed monster (detected) and 1 more exclusion


Innate Abilities, Weirdness & Mutations

You cannot be hasted, slowed, berserked, paralysed or teleported.
You can dig through walls and to a lower floor.
Your four strong arms can wield two-handed weapons with a shield.
You have a pair of large antennae on your head. (SInv)


Message History

a - a +1 mace of protection (weapon)
The two-headed ogre is engulfed in blazing flames.
The two-headed ogre hits you with a +0 giant club!
The two-headed ogre closely misses you.
You hit the two-headed ogre but do no damage.
Your weapon exudes an aura of protection.
The two-headed ogre is moderately wounded.
The two-headed ogre is engulfed in blazing flames.
The two-headed ogre hits you with a +0 giant club! x2
You hit the two-headed ogre.
The two-headed ogre is heavily wounded.
The two-headed ogre is engulfed in blazing flames.
The two-headed ogre hits you with a +0 giant club!!
The two-headed ogre barely misses you.
You barely miss the two-headed ogre.
The two-headed ogre is severely wounded.
The two-headed ogre is engulfed in blazing flames.
The two-headed ogre hits you with a +0 giant club!!
You die...
Kikubaaqudgha rasps: "You have failed me!
Welcome... death!"

...# #,#........# .#.#
#.#......### ##.#
#.......## ...# ###.##.##
#..# #.##.# ...# ####.##.#
#.## #.....#.#
..#######.###.#.##########
#...[[.>..# #.#.@O§°.....#
#.#####.#.###.##########.#
#.# *...#................#
..# #.#####÷...[########.#
### #.,,#...###.########.#
#**,#.#.# #..........#
**,.....# #..#######.#
**,#####.###..# #.# *,**
##.##..# #.#


You could see a two-headed ogre.

Vanquished Creatures
  A hippogriff (D:8)
  A hungry ghost (D:6)
  An ice beast (D:8)
  2 sky beasts (D:5)
  2 ogres (D:5)
  An orc warrior (D:7)
  2 centaurs
  4 bullfrogs
  2 scorpions
  A wyvern skeleton (D:6)
  4 killer bees (D:8)
  A howler monkey (D:6)
  4 crimson imps
  A centaur zombie (D:5)
  3 hounds
  2 jellies (D:8)
  6 orc priests
  6 orc wizards
  An iguana (D:4)
  3 worker ants
  A hound skeleton (D:4)
  A worker ant zombie (D:5)
  7 adders
  3 shadow imps
  An ooze (D:2)
  3 adder skeletons
  2 dart slugs (D:1)
  5 leopard geckos
  20 orcs
  6 giant cockroaches
  6 goblins
  6 hobgoblins
  9 jackals
  3 kobolds
  7 quokkas
  2 ball pythons
  4 bats
  4 frilled lizards
  A quokka skeleton (D:5)
  13 rats
152 creatures vanquished.

Vanquished Creatures (collateral kills)
  A killer bee (D:8)
1 creature vanquished.

Grand Total: 153 creatures vanquished

Notes
Turn   | Place    | Note
-------+----------+-------------------------------------------
     0 | D:1      | DildoBatman the Formicid Wizard began the quest for the
                  | Orb.
     0 | D:1      | Reached XP level 1. HP: 13/13 MP: 4/4
    81 | D:1      | Reached skill level 1 in Conjurations
   235 | D:1      | Reached XP level 2. HP: 19/19 MP: 1/6
   521 | D:1      | Reached skill level 2 in Conjurations
   791 | D:1      | Reached XP level 3. HP: 9/24 MP: 1/7
   796 | D:1      | Learned a level 3 spell: Conjure Flame
   800 | D:1      | Learned a level 3 spell: Mephitic Cloud
  1534 | D:2      | Reached skill level 3 in Conjurations
  1891 | D:2      | Reached XP level 4. HP: 30/30 MP: 4/8
  2651 | D:3      | Found a transporter.
  2659 | D:3      | Noticed Ebobla's ghost (amateur DsBe)
  2659 | D:3      | Identified the +7 great mace "Oduathremel" {flame, +Fly rC+
                  | Str+4 Stlth-}
  2659 | D:3      | Noticed an ogre
  2660 | D:3      | Found a transporter.
  2953 | D:4      | Found a white marble altar of Elyvilon.
  3186 | D:4      | Reached skill level 4 in Conjurations
  3186 | D:4      | Reached XP level 5. HP: 31/35 MP: 1/9
  3474 | D:4      | Got a pair of bloodstained gloves
  3480 | D:4      | Identified the +0 pair of gloves of Dithrima {rN+ Str-3
                  | Int+3 SInv} (You found it on level 4 of the Dungeon)
  3678 | D:4      | Found a staircase to the Ecumenical Temple.
  3857 | Temple   | Entered the Ecumenical Temple
  4188 | D:5      | Entered Level 5 of the Dungeon
  4224 | D:5      | Found a snail-covered altar of Cheibriados.
  4229 | D:5      | Noticed a centaur
  4231 | D:5      | Noticed Eustachio
  4385 | D:5      | Noticed an ogre
  4385 | D:5      | Noticed a sky beast
  4493 | D:3      | Killed a centaur
  4493 | D:3      | Reached skill level 5 in Conjurations
  4493 | D:3      | Reached XP level 6. HP: 26/41 MP: 5/10
  4879 | D:5      | Noticed Blork the orc
  4922 | D:5      | Killed a sky beast
  4922 | D:5      | Reached skill level 6 in Conjurations
  4922 | D:5      | Reached XP level 7. HP: 36/46 MP: 6/11
  5255 | D:5      | Reached skill level 1 in Fire Magic
  5255 | D:5      | Reached skill level 1 in Air Magic
  5592 | D:5      | Found a runed translucent door.
  5595 | D:5      | Noticed Crazy Yiuf
  5717 | D:5      | Reached XP level 8. HP: 19/52 MP: 5/12
  6170 | D:6      | Found Afuole's Magic Scroll Shop.
  6177 | D:6      | Bought a scroll of identify for 26 gold pieces
  6177 | D:6      | Bought a scroll of identify for 26 gold pieces
  6310 | D:6      | Found a shimmering altar of Xom.
  6333 | D:6      | Found a basalt altar of Yredelemnul.
  6445 | D:6      | Noticed a +0 dagger
  6446 | D:6      | Noticed a +0 hand axe
  6447 | D:6      | Found a hide-covered altar of Uskayaw.
  6877 | D:6      | Reached skill level 5 in Fire Magic
  7197 | D:6      | Reached skill level 5 in Air Magic
  7197 | D:6      | Reached XP level 9. HP: 34/57 MP: 4/13
  7478 | D:8      | Found an opulent altar of Gozag.
  7488 | D:8      | Reached skill level 1 in Fighting
  7488 | D:8      | Reached skill level 1 in Armour
  7564 | D:8      | Noticed a gargoyle
  8119 | D:8      | Found a shimmering altar of Xom.
  9147 | D:8      | Noticed a hippogriff
  9158 | D:8      | Killed a hippogriff
  9509 | D:8      | Found an ancient bone altar of Kikubaaqudgha.
  9514 | D:8      | Found a burning altar of Makhleb.
  9518 | D:8      | Found a snail-covered altar of Cheibriados.
  9536 | D:8      | Became a worshipper of Kikubaaqudgha
  9829 | D:7      | Noticed a two-headed ogre
  9849 | D:7      | Slain by a two-headed ogre

Illustrated notes

Levels and vault maps discovered:
D:1:      mainiacjoe_arrival_reflecting_pool, layout_loops_corners,
          serial_forest, infiniplex_forest_lined_3,
          infiniplex_forest_clump_long, infiniplex_forest_clump_cross,
          infiniplex_forest_pool, infiniplex_forest_clump_cross,
          infiniplex_forest_zigzag_1
D:2:      layout_loops_corners
D:3:      layout_loops_cross, first_ration, gammafunk_ghost_smash
D:4:      layout_cave_pools, elyvilon_altar_5, minmay_temple_entry_large_hall,
          st_stairs_8
D:5:      layout_cave_pools, cheibriados_altar_1, uniq_crazy_yiuf_cottage,
          uniq_eustachio, uniq_blork_the_orc
D:6:      layout_basic, lemuel_round_altar, dancing_weapons_uskayaw,
          serial_shops, shop_fountains, basic_altar, st_stairs_5
D:7:      layout_loops_ring, grunt_livestock
D:8:      wander_guarded_unrand_ratskin, layout_rooms,
          overflow_temple_1_default, nicolae_gozag_seed_capital, minitemple,
          serial_glass, glass_columns_a, glass_columns_a, item_on_display_a,
          item_on_display_a
Temple:   minmay_temple_forest_path

Skill      XL: |  1  2  3  4  5  6  7  8  9 |
---------------+----------------------------+-----
Conjurations   | 1 2 3 4 5 6 |  6.0
Fire Magic     | 3 5 |  5.0
Air Magic      | 2 5 |  5.0
Dodging        | 4 |  4.2
Fighting       | 4 |  4.4
Armour         | 4 |  4.3
Stealth        | |  2.4
Spellcasting   | |  3.2
Summonings     | |  1.0
Translocations | |  0.8

Action                   |  1- 3 |  4- 6 |  7- 9 || total
-------------------------+-------+-------+-------++-------
Melee: Club              |     4 |       |       ||     4
       Quarterstaff      |       |    48 |     3 ||    51
       Mace              |       |       |   149 ||   149
 Fire: Hunting sling     |    41 |    27 |   186 ||   254
 Cast: Magic Dart        |    58 |    73 |   158 ||   289
       Conjure Flame     |       |     3 |    30 ||    33
       Mephitic Cloud    |       |     2 |    30 ||    32
 Abil: Dig               |       |     4 |    15 ||    19
  Use: Scroll            |       |     7 |     1 ||     8
       Potion            |       |     2 |       ||     2
 Stab: Confused          |       |     1 |     6 ||     7
  Eat: Chunk             |     3 |     6 |    23 ||    32
       Ration            |       |     1 |       ||     1
Armor: Robe              |     8 |    16 |    60 ||    84
Dodge: Dodged            |    28 |    77 |   181 ||   286
       Repelled          |       |     3 |     6 ||     9
